 Dungeon Crawl Stone Soup version 0.30.1-4-g462c640d31 (webtiles) character file.

Game seed: 8636247385967051506

364 LizardBrain the Slasher (level 6, -3/49 HPs)
             Began as a Demonspawn Berserker on Sept 10, 2023.
             Was a Believer of Trog.
             Slain by a mummy (15 damage)
             ... in an ossuary.
             The game lasted 00:05:59 (876 turns).

LizardBrain the Slasher (Demonspawn Berserker)       Turns: 876, Time: 00:06:00

Health: -3/49      AC:  2    Str: 19    XL:     6   Next: 39%
Magic:  6/6        EV: 12    Int:  9    God:    Trog [**....]
Gold:   193        SH:  0    Dex: 12    Spells: 5/5 levels left

rFire   . . .        j - +11 plutonium sword {Contam Stlth-}
rCold   . . .        (shield currently unavailable)
rNeg    . . .        (no body armour)
rPois   .            (no helmet)
rElec   .            (no cloak)
rCorr   .            (no gloves)
SInv    .            (no boots)
Will    .....        (no amulet) Stlth
                     (no ring)
HPRegen 1.28/turn    (no ring)
MPRegen 0.10/turn

%: no passive effects
@: no status effects
A: claws 2, slimy green scales 1, foul stench 1, powered by death 1
a: Renounce Religion, Berserk, Trog's Hand


You were in an ossuary.
You worshipped Trog.
Trog was pleased with you.
You visited 1 branch of the dungeon, and saw 4 of its levels.
You also visited: Ossuary.

You collected 193 gold pieces.

Inventory:

Hand Weapons
 a - a +0 falchion
 j - the +11 plutonium sword (weapon) {Contam Stlth-}
   (You found it on level 2 of the Dungeon)

   Contam:    It causes magical contamination when unequipped.
   Stlth:     It makes you less stealthy.
Armour
 b - a +0 animal skin
 m - a +0 scale mail
Jewellery
 o - a +5 ring of evasion
Scrolls
 e - a scroll of blinking {unknown}
 f - a scroll of vulnerability {unknown}
 g - a scroll of immolation {unknown}
 i - a scroll of summoning {unknown}
 k - a scroll of identify {unknown}
 l - a scroll of magic mapping {unknown}
Potions
 c - a potion of brilliance {unknown}
 d - a potion of curing {unknown}
 h - a potion of might {unknown}
 n - a potion of cancellation {unknown}


   Skills:
 + Level 4.3 Fighting
 + Level 5.4 Long Blades
 + Level 1.8 Armour
 + Level 2.9 Dodging


You had 5 spell levels left.
You didn't know any spells.
Your spell library was empty.

Dungeon Overview and Level Annotations

Branches:
Dungeon (4/15)            Ossuary (1/1)
 Temple: D:4-7

Altars:


Innate Abilities, Weirdness & Mutations

You have very sharp fingernails.
You are partially covered in slimy green scales. (AC +2)
You may rarely emit foul miasma when damaged in melee.
You regenerate a little health from kills.


Message History

The mummy is severely damaged.
The kobold zombie barely misses you. The mummy closely misses you.
The mummy barely misses you.
You slice the mummy!!
You destroy the mummy!
Trog accepts your kill. The kobold zombie misses you.
The kobold zombie barely misses you. The mummy barely misses you.
You hit the mummy.
The mummy is lightly damaged.
You closely miss the mummy.
The mummy is lightly damaged.
The mummy barely misses you. The mummy hits you but does no damage.
You slash the mummy!
The mummy is almost destroyed.
The mummy closely misses you. The mummy barely misses you.
The mummy closely misses you.
You slice the mummy!!
You destroy the mummy!
Trog accepts your kill. The mummy hits you. The mummy hits you!
A kobold zombie comes into view.
The mummy barely misses you. The mummy misses you.
You slash the mummy!
The mummy is almost destroyed.
The mummy barely misses you. The mummy hits you.
You slash the mummy!
You destroy the mummy!
Trog accepts your kill. The kobold zombie hits you.
The kobold zombie closely misses you. The mummy hits you!
You hit the mummy.
The mummy is severely damaged.
The mummy hits you!
* * * LOW HITPOINT WARNING * * *
The kobold zombie hits you but does no damage.
You barely miss the mummy.
The mummy is severely damaged.
The kobold zombie barely misses you. The mummy hits you!
You die...

..............
.............
...........
........#
......# #....#
#MZ..# #@Z..#
#....# #....#
#....# #....#
#....# #.∩∩.#
######


You could see a mummy and 2 kobold zombies.

Vanquished Creatures
  Grinder (D:3)
  A hound (D:3)
  An iguana (D:4)
  3 mummies (Ossuary)
  2 adders
  A worm (D:2)
  3 ball pythons
  5 endoplasms
  A giant cockroach (D:1)
  A gnoll zombie (Ossuary)
  5 goblins
  6 hobgoblins
  3 jackals (D:1)
  6 kobolds
  A bat (D:2)
  2 frilled lizards
  3 hobgoblin zombies (Ossuary)
  2 kobold zombies (Ossuary)
  3 rats
50 creatures vanquished.

Notes
Turn   | Place    | Note
-------+----------+-------------------------------------------
     0 | D:1      | LizardBrain the Demonspawn Berserker began the quest for
                  | the Orb.
     0 | D:1      | Reached XP level 1. HP: 18/18 MP: 1/1
   167 | D:1      | Gained mutation: You have sharp fingernails. [demonic
                  | ancestry]
   167 | D:1      | Reached XP level 2. HP: 20/24 MP: 2/2
   198 | D:1      | Reached skill level 3 in Long Blades
   291 | D:2      | Reached ** piety under Trog
   428 | D:2      | Found the +11 plutonium sword {Contam Stlth-}
   453 | D:2      | Gained mutation: You are partially covered in slimy green
                  | scales. (AC +2) [demonic ancestry]
   453 | D:2      | Reached XP level 3. HP: 29/29 MP: 3/3
   511 | D:3      | Noticed Grinder
   524 | D:3      | Killed Grinder
   525 | D:3      | Reached skill level 4 in Long Blades
   525 | D:3      | Gained mutation: You regenerate a little health from kills.
                  | [demonic ancestry]
   525 | D:3      | Reached XP level 4. HP: 21/37 MP: 4/4
   525 | D:3      | Gained mutation: You may rarely emit foul miasma when
                  | damaged in melee. [demonic ancestry]
   525 | D:3      | Reached XP level 5. HP: 24/42 MP: 5/5
   662 | D:3      | Reached skill level 5 in Long Blades
   662 | D:3      | Gained mutation: You have very sharp fingernails. [demonic
                  | ancestry]
   662 | D:3      | Reached XP level 6. HP: 38/48 MP: 6/6
   837 | D:4      | Found a sand-covered staircase.
   846 | Ossuary  | Entered an ossuary
   876 | Ossuary  | Slain by a mummy

Illustrated notes

Levels and vault maps discovered:
D:1:      beargit_arrival_greenhouse, layout_basic,
          shapermc_ecumenical_altar_notcrosses
D:2:      layout_rooms, minmay_misc_feat_alley, minmay_heptomino_h4
D:3:      layout_loops_ring, uniq_jessica, uniq_grinder
D:4:      layout_cave_pools, grunt_dithmenos_smoke, chequers_ossuary_entry_cave,
          minmay_gold_behind_fungi, minmay_misc_feat_doors,
          minmay_misc_feat_columns, minmay_hollow_rounded_squares
Ossuary:  ossuary_tomb_3

Skill      XL: |  1  2  3  4  5 |
---------------+----------------+-----
Dodging        | 2 |  2.9
Long Blades    | 3 4 5 |  5.4
Fighting       | 4 |  4.3
Armour         | |  1.8

Action                     |  1- 3 |  4- 6 || total
---------------------------+-------+-------++-------
  Melee: Falchion          |    61 |       ||    61
         Triple sword      |    14 |    35 ||    49
         Punch             |     1 |       ||     1
 Armour: Animal skin       |    10 |     3 ||    13
         Skin              |       |     5 ||     5
  Dodge: Dodged            |    48 |    35 ||    83
